 Dungeon Crawl Stone Soup version 0.30-a0-373-gd37427bb62 (webtiles) character file.

Game seed: 8116835612965334550

158 qeuew the Shield-Bearer (level 5, 0/42 HPs)
             Began as a Formicid Fighter on Nov 23, 2022.
             Slain by Pikel
             ... wielding a +1 whip of flaming
              (4 damage)
             ... on level 4 of the Dungeon.
             The game lasted 00:05:34 (2641 turns).

qeuew the Shield-Bearer (Formicid Fighter)          Turns: 2641, Time: 00:05:34

Health: 0/42       AC:  7    Str: 21    XL:     5   Next: 67%
Magic:  5/5        EV: 10    Int:  7    God:
Gold:   240        SH:  5    Dex: 15    Spells: 4/4 levels left

rFire   . . .      SeeInvis +    a - +1 war axe
rCold   . . .      Faith    .    c - +0 buckler
rNeg    . . .      Spirit   .    b - +0 scale mail
rPois   .          Reflect  .    (helmet unavailable)
rElec   .          Harm     .    (no cloak)
rCorr   .          Rampage  .    (no gloves)
Will    .....                    (no boots)
Stlth   ..........               (no amulet)
HPRegen 0.27/turn                (no ring)
MPRegen 0.09/turn                (no ring)

@: mighty
A: permanent stasis, dig shafts and tunnels, antennae 3, four strong arms
a: Dig, Shaft Self


You were on level 4 of the Dungeon.
You visited 1 branch of the dungeon, and saw 4 of its levels.

You collected 240 gold pieces.

Inventory:

Hand Weapons
 a - a +1 war axe (weapon)
Armour
 b - a +0 scale mail (worn)
 c - a +0 buckler (worn)
Potions
 d - a potion of might
 e - a potion of berserk rage {unknown}
 g - a potion of cancellation


   Skills:
 + Level 4.0 Fighting
 + Level 2.8 Axes
 * Level 4.6 Armour
 + Level 1.5 Dodging
 + Level 4.7 Shields


You had 4 spell levels left.
You didn't know any spells.
Your spell library contained the following spells:

 Spells                   Type           Power      Damage    Failure   Level
 Cigotuvi's Dreadful Rot  Necr/Pois/Air  0%         N/A       92%         2
 Ensorcelled Hibernation  Hex/Ice        0%         N/A       92%         2
 Passwall                 Tmut/Erth      0%         N/A       92%         2
 Poisonous Vapours        Pois/Air       0%         N/A       92%         2
 Inner Flame              Hex/Fire       0%         N/A       99%         3
 Mephitic Cloud           Conj/Pois/Air  0%         N/A       99%         3
 Summon Guardian Golem    Hex/Summ       0%         N/A       99%         3
 Flame Wave               Conj/Fire      0%         2d4       100%        4
 Sticky Flame             Conj/Fire      0%         2d3       100%        4
 Orb of Destruction       Conj           0%         9d5       100%        7
 Spellforged Servitor     Conj/Summ      0%         N/A       100%        7
 Swiftness                Air            Unusable   N/A       N/A         3

Dungeon Overview and Level Annotations

Branches:
Dungeon (4/15)
 Temple: D:4-7

Altars:
Ashenzari

Annotations:
D:4 Pikel


Innate Abilities, Weirdness & Mutations

You cannot be hasted, slowed, berserked, paralysed or teleported.
You can dig through walls and to a lower floor.
You have a pair of large antennae on your head. (SInv)
Your four strong arms can wield two-handed weapons with a shield.


Message History

You slash Pikel!
Pikel is heavily wounded.
You slash the lemure! You slash the adder!
You kill the adder!
You closely miss the lemure. You hit the lemure. The lemure misses you. x2
Pikel hits you but does no damage. You block the lemure's attack.
Unknown command.
You slash Pikel!
Pikel is severely wounded.
You closely miss the lemure. You hit the lemure. You slash the lemure!
You block the lemure's attack. The lemure hits you.
Pikel hits you with a +1 whip of flaming.
Pikel burns you. The lemure hits you.
Unknown command.
You barely miss Pikel.
Pikel is severely wounded.
You barely miss the lemure. You miss the lemure. You slash the lemure!
You kill the lemure!
That felt strangely unrewarding.
Pikel says, "I just want to get paid!"
You block Pikel's attack. The lemure hits you.
The lemure hits you but does no damage.
Pikel hits you with a +1 whip of flaming.
* * * LOW HITPOINT WARNING * * *
Pikel burns you.
* * * LOW HITPOINT WARNING * * *
The lemure hits you.
* * * LOW HITPOINT WARNING * * *
The lemure hits you but does no damage.
You slash Pikel!
Pikel is almost dead.
You barely miss the lemure. You closely miss the lemure.
You block the lemure's attack. Pikel hits you but does no damage.
The lemure hits you.
* * * LOW HITPOINT WARNING * * *
You closely miss Pikel.
Pikel is almost dead.
You hit the lemure. x2
Pikel hits you with a +1 whip of flaming.
You die...

.... .....? .#.#
#........ .#.###. #..
..... ...... ... ....
....# ... ..# ....# ..
#.##.###....##.
#.##....#.5K...... #
#.# #....@†# .#.#
#.#####..#5...# ....
#.#......##.......
....#
#.#.##......#.####
....[##...##.#.####...
#........###.#.# #.#
##..........#.# ...
#......#....#.# #.
##....†##.##.#.#


You could see Pikel and 2 lemures.

Vanquished Creatures
  2 lemures
  An iguana (D:4)
  5 adders
  3 worms
  4 orcs (D:3)
  4 ball pythons
  7 bats
  11 endoplasms
  2 giant cockroaches (D:2)
  7 hobgoblins
  5 jackals
  4 kobolds
  3 quokkas
  7 frilled lizards
  6 goblins
  5 rats
76 creatures vanquished.

Vanquished Creatures (others)
  8 plants (D:3)
8 creatures vanquished.

Grand Total: 84 creatures vanquished

Notes
Turn   | Place    | Note
-------+----------+-------------------------------------------
     0 | D:1      | qeuew the Formicid Fighter began the quest for the Orb.
     0 | D:1      | Reached XP level 1. HP: 18/18 MP: 1/1
   123 | D:1      | Reached XP level 2. HP: 24/24 MP: 2/2
   481 | D:1      | Reached XP level 3. HP: 28/28 MP: 3/3
   682 | D:1      | Reached skill level 1 in Dodging
   820 | D:2      | Found a broken altar of Ashenzari.
  1372 | D:2      | Reached XP level 4. HP: 22/37 MP: 4/4
  1994 | D:3      | Reached XP level 5. HP: 42/42 MP: 5/5
  2469 | D:4      | Noticed a lemure
  2469 | D:4      | Noticed a lemure
  2469 | D:4      | Noticed a lemure
  2471 | D:4      | Noticed Pikel
  2473 | D:4      | Noticed a lemure
  2493 | D:3      | Killed a lemure
  2639 | D:4      | Killed a lemure
  2641 | D:4      | Slain by Pikel

Illustrated notes

Levels and vault maps discovered:
D:1:      dpeg_arrival_subterranean_lakeside_camping, layout_basic,
          nicolae_figureground_pulse
D:2:      layout_basic, basic_altar
D:3:      layout_loops_ring, serial_bayou_lagoon_b
D:4:      layout_rooms, uniq_pikel

Skill      XL: |  1  2  3  4  5 |
---------------+----------------+-----
Dodging        | 1 |  1.5
Armour         | 4 |  4.6
Fighting       | 4 |  4.0
Axes           | |  2.8
Shields        | |  4.7

Action                   |  1- 3 |  4- 6 || total
-------------------------+-------+-------++-------
Melee: War axe           |   109 |    92 ||   201
  Use: Scroll            |     3 |     5 ||     8
       Potion            |     1 |     2 ||     3
Armor: Scale mail        |    45 |    35 ||    80
Dodge: Dodged            |    59 |    46 ||   105
Block: Buckler           |    26 |    23 ||    49

Table legend: (Time is in decaauts)
 A = Elapsed time spent in this place.
 B = Non-inter-level travel time spent in this place.
 C = Inter-level travel time spent in this place.
 D = Time resting spent in this place.
 E = Time spent auto-exploring this place.
 F = Levels seen in this place.
 G = Mean time per level.
                   A        B        C        D        E       F      G
               +--------+--------+--------+--------+--------+-----+--------+
         Total |   2747 |   2598 |    149 |      0 |   2022 |   4 |  686.8 |
       Dungeon |   2747 |   2598 |    149 |      0 |   2022 |   4 |  686.8 |
               +--------+--------+--------+--------+--------+-----+--------+

Top non-repeatable levels by time:
     D:2: 996 daAuts
     D:3: 894 daAuts
     D:1: 771 daAuts
     D:4: 86 daAuts
